AoeStats
← WGBS Nabilraz

Highland

506073087Analyzed
2v2 RM · 21d ago on Sep 12, 2026· 33m 6s· 4 players
Game mode
Random Map
Map size
Medium (4 player)
Population
200
Speed
Normal
Resources
Standard
Victory
Conquest
Starting age
Dark Age
Ending age
Imperial Age
RankedLock teamsTeams togetherTeam positionsShared explorationLock speedFull tech treeHidden civsTurbo modeCheats
Victory
Defeat
🇩🇪 Bulgarians · Germany
1141
+15
🇵🇪 Huns · Peru
1072
+19
🇳🇿 Franks · New Zealand
1121
-17
🇳🇿 Ethiopians · New Zealand
1121
-17
Lion10K
0:30 Loom
10:58 Feudal Age
19:03 Fletching
23:41 Castle Age
21:46 Double-Bit Axe
22:14 Gold Mining
23:19 Scale Barding Armor
23:04 Horse Collar
24:37 Husbandry
27:25 Forging
30:58 Chain Barding Armor
32:44 Stone Mining
Casi
7:03 Loom
10:18 Feudal Age
10:44 Double-Bit Axe
13:12 Scale Mail Armor
19:28 Wheelbarrow
21:55 Castle Age
21:09 Scale Barding Armor
21:14 Forging
22:04 Bloodlines
23:06 Husbandry
23:03 Gold Mining
24:10 Bow Saw
30:30 Chain Barding Armor
32:56 Horse Collar
idk
7:29 Loom
9:47 Feudal Age
13:25 Fletching
17:27 Wheelbarrow
18:30 Double-Bit Axe
24:52 Castle Age
24:04 Padded Archer Armor
24:00 Gold Mining
25:33 Bodkin Arrow
24:59 Crossbowman
26:41 Bow Saw
27:58 Ballistics
31:13 Stone Mining
32:55 Gold Shaft Mining
WGBS Nabilraz
10:07 Feudal Age
12:42 Loom
13:03 Double-Bit Axe
23:10 Wheelbarrow
24:04 Forging
24:52 Gold Mining
26:24 Scale Barding Armor
32:14 Castle Age
Connection lost

Rejoining the realm…

Still unreachable

The connection could not be restored.

Session expired

The server has moved on; the page needs a fresh start.